 Dungeon Crawl Stone Soup version 0.18.1-6-gd335043 (webtiles) character file.

167 Gingerlord the Skirmisher (level 5, 0/43 HPs)
             Began as a Formicid Abyssal Knight on May 17, 2016.
             Was a Believer of Lugonu.
             Succumbed to an orc wizard's poison
             ... on level 3 of the Dungeon.
             The game lasted 00:04:59 (2603 turns).

Gingerlord the Skirmisher (Formicid Abyssal Knight) Turns: 2603, Time: 00:05:00

Health: 0/43       AC:  6    Str: 21    XL:     5   Next: 76%
Magic:  7/7        EV: 10    Int: 12    God:    Lugonu [**....]
Gold:   119        SH:  3    Dex: 11    Spells: 0 memorised, 4 levels left

rFire  + . .     SeeInvis +     a - +1 falchion
rCold  . . .     Gourm    .     m - +0 scale mail
rNeg   . . .     Faith    .     p - +0 buckler
rPois  .         Spirit   .     (helmet unavailable)
rElec  .         Dismiss  .     (no cloak)
rCorr  .         Reflect  .     (no gloves)
SustAt .         Harm     .     (no boots)
MR     .....                    (no amulet)
Stlth  ..........               (no ring)
                                g - ring of protection from fire

@: mighty, lethally poisoned (0 -> -21), not resistant to hostile enchantments,
extremely unstealthy
A: permanent stasis, dig shafts and tunnels, four strong arms, antennae 3,
blurry vision 1, sense surroundings 1, wild magic 1
a: Dig, Shaft Self, Depart the Abyss, Bend Space, Renounce Religion


You were on level 3 of the Dungeon.
You worshipped Lugonu.
Lugonu was pleased with you.
You were not hungry.

You visited 1 branch of the dungeon, and saw 3 of its levels.
You visited the Abyss 1 time.

You collected 119 gold pieces.

Inventory:

Hand Weapons
 a - a +1 falchion (weapon)
Armour
 m - a +0 scale mail (worn)
 p - a +0 buckler (worn)
Jewellery
 g - a ring of protection from fire (left hand)
Scrolls
 b - 3 scrolls of remove curse
 d - 2 scrolls of noise {unknown}
 e - 2 scrolls of teleportation {unknown}
 h - 2 scrolls of random uselessness {unknown}
 i - a scroll of recharging {unknown}
 j - 3 scrolls of identify {unknown}
 k - 2 scrolls of blinking {unknown}
 r - a scroll of amnesia {unknown}
 s - a scroll of magic mapping {unknown}
 t - 2 scrolls of enchant armour {unknown}
Comestibles
 c - 2 bread rations
 f - 3 meat rations
 l - 2 beef jerkies


   Skills:
 + Level 4.3 Fighting
 + Level 2.8 Long Blades
 + Level 2.7 Armour
 + Level 2.1 Dodging
 + Level 1.0 Shields
 + Level 3.6 Invocations


You had 4 spell levels left.
You didn't know any spells.

Dungeon Overview and Level Annotations

Branches:
Dungeon (3/15)

Altars:
Nemelex Xobeh


Innate Abilities, Weirdness & Mutations

You are under a permanent stasis effect.
You can dig through walls and to a lower floor.
Your four strong arms can wield two-handed weapons with a shield.
You have a pair of large antennae on your head (SInv).
Scrolls take you a little longer to read.
You passively map a small area around you.
Your spells are a little harder to cast, but a little more powerful.


Message History

It was a potion of haste.
Your stasis keeps you stable.
* * * LOW HITPOINT WARNING * * *
You feel very sick. The orc hits you but does no damage.
Drink which item? (? for menu, Esc to quit)
It was a potion of might.
You feel very mighty all of a sudden.
* * * LOW HITPOINT WARNING * * *
You feel sick. The orc barely misses you.
The orc wizard casts a spell.
The orc wizard blinks!
Drink which item? (? for menu, Esc to quit)
It was a potion of mutation.
You feel extremely strange.
You feel less in control of your magic.
Your vision blurs.
You feel a strange attunement to the structure of the dungeons.
* * * LOW HITPOINT WARNING * * *
You feel sick. The orc hits you but does no damage.
You hit the orc.
The orc is moderately wounded.
You die...

,... #..# #..# , #o.#
* #..#,# * ####..#.#
#@##..#.####
##o.........
#ยง#..#.### #####
#o#..# ....# ##.#..# ,
, , #.#.# ##.....#
#.#.###########......#
.....................#
#.#.#.....#####....[.#


You could see an orc wizard and an orc.

Vanquished Creatures
  An orc wizard (D:3)
  An orc priest (D:3)
  3 adders
  2 worms
  2 dart slugs (D:1)
  3 giant geckos
  3 orcs
  6 bats
  3 giant cockroaches
  9 goblins
  8 hobgoblins
  3 jackals (D:3)
  7 kobolds
  A quokka (D:2)
  4 ball pythons
  8 giant newts
64 creatures vanquished.

Notes
Turn   | Place    | Note
--------------------------------------------------------------
     0 | Abyss:1  | Gingerlord the Formicid Abyssal Knight began the quest for the Orb.
     0 | Abyss:1  | Reached XP level 1. HP: 18/18 MP: 2/2
     6 | D:1      | Escaped the Abyss
    93 | D:1      | Reached skill level 1 in Dodging
    93 | D:1      | Reached XP level 2. HP: 11/24 MP: 3/3
   791 | D:2      | Reached XP level 3. HP: 30/30 MP: 4/4
  1007 | D:2      | Reached ** piety under Lugonu
  1113 | D:2      | Reached skill level 4 in Fighting
  1298 | D:2      | Reached XP level 4. HP: 37/37 MP: 5/5
  2008 | D:3      | Found a sparkling altar of Nemelex Xobeh.
  2128 | D:3      | Reached XP level 5. HP: 9/42 MP: 7/7
  2146 | D:3      | Reached skill level 1 in Shields
  2602 | D:3      | Gained mutation: Your spells are a little harder to cast, but a little more powerful. [potion of mutation]
  2602 | D:3      | Gained mutation: Scrolls take you a little longer to read. [potion of mutation]
  2602 | D:3      | Gained mutation: You passively map a small area around you. [potion of mutation]
  2602 | D:3      | HP: 2/43 [poisoned by an orc wizard]
  2603 | D:3      | Succumbed to an orc wizard's poison

Skill      XL: |  1  2  3  4  5 |
---------------+----------------+-----
Dodging        | 1 2 |  2.1
Fighting       | 4 |  4.3
Invocations    | 3 |  3.6
Shields        | 1 |  1.0
Long Blades    | |  2.8
Armour         | |  2.7

Action                   |  1- 3 |  4- 6 || total
-------------------------+-------+-------++-------
Melee: Falchion          |    97 |   166 ||   263
 Abil: Dig               |       |     3 ||     3
  Use: Scroll            |     1 |       ||     1
       Potion            |       |     7 ||     7
  Eat: Chunk             |     1 |     5 ||     6
Armor: Ring mail         |    12 |       ||    12
       Leather armour    |     1 |       ||     1
       Scale mail        |    17 |    98 ||   115
Dodge: Dodged            |    54 |    96 ||   150
Block: Buckler           |     7 |    24 ||    31
